 Dungeon Crawl Stone Soup version 0.29.1-2-gbd0b4ee654 (webtiles) character file.

Game seed: 12512764172793740835

899 mortz the Covert (level 8, -1/43 HPs)
             Began as a Kobold Enchanter on Nov 3, 2022.
             Was a Follower of Vehumet.
             Killed by divine providence
             ... invoked by an orc priest
              (17 damage)
             ... on level 5 of the Dungeon.
             The game lasted 00:34:19 (7448 turns).

mortz the Covert (Kobold Enchanter)                 Turns: 7448, Time: 00:34:19

Health: -1/43      AC: 19    Str:  6    XL:     8   Next: 28%
Magic:  2/14       EV: 15    Int: 24    God:    Vehumet [*.....]
Gold:   124        SH:  0    Dex: 15    Spells: 13/15 levels left

rFire   + . .      SeeInvis .   b - +7 staff of the Meek {protect, meekguard}
rCold   . . .      Faith    .   (shield currently unavailable)
rNeg    . . .      Spirit   .   t - +1 leather armour {rF+}
rPois   +          Reflect  .   (no helmet)
rElec   .          Harm     .   r - +0 cloak
rCorr   .          Rampage  .   (no gloves)
Will    .....                   (no boots)
Stlth   +++++.....              (no amulet)
HPRegen 0.14/turn               l - ring of poison resistance
MPRegen 0.14/turn               s - +6 ring of intelligence

@: under a protective aura
A: small, no large weapons, nightstalker 3
a: Renounce Religion


You were on level 5 of the Dungeon.
You worshipped Vehumet.
Vehumet was aware of your devotion.
You visited 2 branches of the dungeon, and saw 6 of its levels.

You collected 345 gold pieces.
You spent 221 gold pieces at shops.

Inventory:

Hand Weapons
 a - a +2 dagger
 b - the +7 staff of the Meek (weapon) {protect, meekguard}
   (You found it on level 4 of the Dungeon)

   It grants its wielder temporary protection when it strikes (+7 to AC).
   It provides extra protection to wielders with little health.
 d - a +0 hand axe
 f - a +0 dagger
 g - a +0 dagger
 h - a +0 dagger
 m - a +0 spear
 u - a +0 whip of freezing
 x - the +3 whip "Batodeq" {antimagic, rElec rF+}
   (You found it on level 3 of the Dungeon)

   It reduces the magical energy of the wielder, and disrupts the spells and
   magical abilities of those it strikes.
   Natural abilities and divine invocations are not affected.
   rF:        It protects you from fire.
   rElec:     It insulates you from electricity.
 B - a +1 vampiric spear
Missiles
 j - 2 boomerangs (quivered)
 k - 74 stones
 D - 4 throwing nets
Armour
 r - a +0 cloak (worn)
 t - a +1 leather armour of fire resistance (worn)
Jewellery
 l - a ring of poison resistance (left hand)
 o - an amulet of faith
 p - a ring of resist corrosion
 s - a +6 ring of intelligence (right hand)
Scrolls
 e - a scroll of teleportation
 v - a scroll of enchant armour
 y - a scroll of fog {unknown}
Potions
 c - 2 potions of invisibility
 i - 2 potions of curing
 n - 4 potions of heal wounds
 q - 2 potions of brilliance
 w - a potion of magic
 z - a potion of might {unknown}
 A - 2 potions of haste
 C - a potion of lignification {unknown}


   Skills:
 + Level 1.5 Fighting
 + Level 2.4 Short Blades
 + Level 1.9 Staves
 + Level 0.3 Throwing
 + Level 2.0 Armour
 + Level 3.8 Dodging
 + Level 8.1 Stealth
 + Level 4.1 Spellcasting
 + Level 4.1 Hexes
 + Level 2.1 Ice Magic


You had 13 spell levels left.
You knew the following spells:

 Your Spells              Type           Power      Damage    Failure   Level
h - Ensorcelled Hibernat  Hex/Ice        40%        N/A       6%          2

Your spell library contained the following spells:

 Spells                   Type           Power      Damage    Failure   Level
 Freeze                   Ice            60%        1d8       6%          1
 Confusing Touch          Hex            24%        N/A       9%          3
 Tukima's Dance           Hex            24%        N/A       9%          3
 Foxfire                  Conj/Fire      16%        2x1d4     14%         1
 Magic Dart               Conj           16%        1d3       14%         1
 Dazzling Flash           Conj/Hex       28%        N/A       19%         3
 Inner Flame              Hex/Fire       14%        N/A       19%         3
 Call Imp                 Summ           4%         N/A       22%         2
 Conjure Flame            Conj/Fire      4%         6-21      41%         3
 Mephitic Cloud           Conj/Pois/Air  4%         N/A       41%         3
 Flame Wave               Conj/Fire      4%         2d5       82%         4


Dungeon Overview and Level Annotations

Branches:
Dungeon (5/15) Zot: 22736  Temple (1/1) D:4 Zot: 5798

Altars:
Gozag
Nemelex Xobeh
Okawaru
Qazlal
Ru
Sif Muna
Trog
Uskayaw
Vehumet
Wu Jian
Xom
The Shining One

Shops:
D:2 !

Annotations:
D:5 1 runed translucent door, qeuew's ghost, novice DsGl


Innate Abilities, Weirdness & Mutations

You are small and have problems with some larger weapons.
You are completely attuned to the shadows.


Message History

The orc warrior resists with some effort.
The orc warrior hits you with a +0 hand axe!
Casting: Ensorcelled Hibernation (safe; 6% risk of failure)
Confirm with . or Enter, or press ? or * to list all spells.
Aiming: Ensorcelled Hibernation (safe; 6% risk of failure)
Press: ? - help, Shift-Dir - straight line, f/p - orc warrior
Aim: an orc warrior, wielding a +0 hand axe and wearing a +0 plate armour (lightly wounded, chance to affect: 51%)
The orc warrior resists with some effort.
You sock the orc warrior!
Your weapon exudes an aura of protection.
The orc warrior is heavily wounded.
The orc warrior hits you with a +0 hand axe!
You hit the orc warrior but do no damage.
The orc warrior is heavily wounded.
The orc warrior misses you.
You closely miss the orc warrior.
The orc warrior is heavily wounded.
You sock the orc warrior!
The orc warrior is severely wounded.
The orc warrior completely misses you.
You hit the orc warrior.
The orc warrior is almost dead.
The orc warrior barely misses you. The orc warrior closely misses you.
You hit the orc warrior.
You kill the orc warrior!
Vehumet accepts your kill.
Your Armour skill increases to level 2!
You sock the orc!
You kill the orc!
Vehumet accepts your kill.
You can now gain magical power from killing.
Vehumet offers you knowledge of Freeze.
You sock the orc!
You kill the orc!
Vehumet accepts your kill. The orc wizard barely misses you.
You hit the orc wizard but do no damage.
The orc priest calls down the wrath of Beogh upon you.
Beogh smites you!
You die...

..##### #.####
...## #....#
....### ####.###
.#....# #...##
##....## ###..##
###....# ##.!#
########### ##.#
o........o####)#
o.8..8..8..8##@#
o=...o.......#o#
.oo...o......oo#
.o.........o.###
o.8..8..8..8##
..........###
###########


You could see an orc priest, an orc wizard and an orc.

Vanquished Creatures
  Menkaure (D:5)
  A water moccasin (D:5)
  An orc warrior (D:5)
  A phantom (D:5)
  A hound (D:5)
  3 jellies
  2 orc priests
  A gnoll bouda (D:3)
  3 iguanas
  4 gnolls
  6 adders
  2 worms
  17 orcs
  8 endoplasms
  5 giant cockroaches
  5 goblins
  8 hobgoblins
  4 jackals (D:2)
  6 kobolds
  5 quokkas
  3 ball pythons
  4 bats
  3 frilled lizards
  5 rats
99 creatures vanquished.

Vanquished Creatures (others)
  An orc wizard (D:5)
1 creature vanquished.

Grand Total: 100 creatures vanquished

Notes
Turn   | Place    | Note
-------+----------+-------------------------------------------
     0 | D:1      | mortz the Kobold Enchanter began the quest for the Orb.
     0 | D:1      | Reached XP level 1. HP: 10/10 MP: 3/3
   353 | D:1      | Reached XP level 2. HP: 15/15 MP: 5/5
   356 | D:1      | Learned a level 2 spell: Ensorcelled Hibernation
  1479 | D:2      | Reached XP level 3. HP: 19/19 MP: 6/6
  1675 | D:2      | Found Diosudei's Distillery.
  1680 | D:2      | Bought a potion of degeneration for 13 gold pieces
  1712 | D:2      | Bought 2 potions of curing for 78 gold pieces
  2392 | D:2      | Reached XP level 4. HP: 24/24 MP: 7/7
  2618 | D:2      | Found a faded altar of an unknown god.
  3202 | D:3      | Reached skill level 5 in Stealth
  4386 | D:3      | Found an ornate altar of the Wu Jian Council.
  4445 | D:3      | Identified the +3 whip "Batodeq" {antimagic, rElec rF+}
  4458 | D:3      | Reached XP level 5. HP: 28/28 MP: 9/9
  5015 | D:4      | Found a staircase to the Ecumenical Temple.
  5021 | Temple   | Entered the Ecumenical Temple
  5204 | Temple   | Became a worshipper of Vehumet
  5331 | D:2      | Bought 2 potions of heal wounds for 130 gold pieces
  5554 | D:4      | Reached skill level 1 in Ice Magic
  5562 | D:4      | Found the +7 staff of the Meek {protect, meekguard}
  5606 | D:4      | Reached XP level 6. HP: 33/33 MP: 10/10
  5868 | D:4      | Found a stormy altar of Qazlal.
  5949 | D:4      | Reached skill level 6 in Stealth
  6484 | D:5      | Entered Level 5 of the Dungeon
  6523 | D:5      | Reached skill level 1 in Armour
  6532 | D:5      | Reached skill level 1 in Fighting
  6532 | D:5      | Reached skill level 1 in Staves
  6532 | D:5      | Reached XP level 7. HP: 38/38 MP: 12/12
  6610 | D:5      | Noticed a water moccasin
  6614 | D:5      | Killed a water moccasin
  6615 | D:5      | Reached skill level 7 in Stealth
  6721 | D:5      | Found a runed translucent door.
  6798 | D:5      | Noticed Menkaure
  6802 | D:5      | Killed Menkaure
  6813 | D:5      | Reached XP level 8. HP: 43/43 MP: 13/13
  6840 | D:5      | Noticed qeuew's ghost (novice DsGl)
  6848 | D:5      | Found a runed translucent door.
  6922 | D:5      | Reached skill level 8 in Stealth
  7208 | D:5      | Found a sparkling altar of Nemelex Xobeh.
  7208 | D:5      | Found an opulent altar of Gozag.
  7446 | D:5      | Reached * piety under Vehumet
  7446 | D:5      | Offered knowledge of Freeze by Vehumet.
  7448 | D:5      | Killed from afar by an orc priest

Illustrated notes

Levels and vault maps discovered:
D:1:      dpeg_arrival_oval, layout_basic, hangedman_feature_mirror,
          supply_closet_lemuel
D:2:      layout_basic, serial_shops, shop, nicolae_ecumenical_lake_church,
          serial_bayou_crossing
D:3:      layout_basic, nicolae_wu_jian_wuxing_cycle
D:4:      layout_basic, nicolae_qazlal_general_emergency,
          minmay_temple_entry_arrows, pf_guarded_unrand_meek
D:5:      layout_cave_pools, grunt_temple_overflow_opulence,
          hellmonk_ghost_happy_afterlife, lightli_church_of_beogh, uniq_menkaure
Temple:   hellmonk_temple_forest_ring

Skill      XL: |  1  2  3  4  5  6  7  8 |
---------------+-------------------------+-----
Stealth        | 5 6 7 8 |  8.1
Short Blades   | 2 |  2.4
Dodging        | 3 |  3.8
Ice Magic      | 1 2 |  2.1
Spellcasting   | 3 4 |  4.1
Armour         | 1 2 |  2.0
Fighting       | 1 |  1.5
Staves         | 1 |  1.9
Hexes          | 4 |  4.1
Throwing       | |  0.3

Action                   |  1- 3 |  4- 6 |  7- 9 || total
-------------------------+-------+-------+-------++-------
Melee: Dagger            |    99 |    79 |    11 ||   189
       Punch             |     1 |       |       ||     1
       Quarterstaff      |       |    13 |    32 ||    45
Throw: Boomerang         |     6 |     2 |       ||     8
 Cast: Ensorcelled Hiber |     7 |    34 |    14 ||    55
  Use: Scroll            |     3 |     8 |       ||    11
       Potion            |     2 |       |     1 ||     3
 Stab: Sleeping          |    15 |    35 |    11 ||    61
       Distracted        |       |     2 |       ||     2
Armor: Robe              |    11 |     1 |       ||    12
       Leather armour    |       |    12 |    26 ||    38
Dodge: Dodged            |    78 |    61 |    31 ||   170
